 Dungeon Crawl Stone Soup version 0.16.1-18-g436b03c (webtiles) character file.

133 tesudzi the Firebug (level 4, -1/36 HPs)
             Began as a Draconian Wanderer on Apr 28, 2015.
             Slain by a wight
             ... wielding a +3 halberd
              (10 damage)
             ... on level 3 of the Dungeon.
             The game lasted 00:07:46 (2797 turns).

tesudzi the Firebug (Draconian Wanderer)            Turns: 2797, Time: 00:07:47

Health: -1/36      AC:  6    Str: 14    XL:     4   Next: 94%
Magic:  7/7        EV: 11    Int: 14    God:
Gold:   158        SH:  0    Dex: 10    Spells: 2 memorised, 3 levels left

rFire  . . .     SeeInvis .     w - +2 great sword (flame)
rCold  . . .     Clarity  .     (armour unavailable)
rNeg   . . .     SustAb   .     (no shield)
rPois  .         Gourm    .     (helmet restricted)
rElec  .         Spirit   .     p - +0 cloak
rCorr  .         Warding  .     (no gloves)
rMut   .         Stasis   .     (no boots)
MR     .....                    (no amulet)
Stlth  ++........               (no ring)
                                h - ring of stealth

@: drained, not resistant to hostile enchantments, unstealthy
A: unfitting armour, cold-blooded, AC +5
a: no special abilities


You were on level 3 of the Dungeon.
You were very hungry.

You visited 1 branch of the dungeon, and saw 3 of its levels.

You collected 158 gold pieces.

Inventory:

Hand weapons
 b - a +0 short sword
 d - a +0 hand axe
 e - a +0 dagger
 g - a +0 short sword of draining
 n - a +0 dagger of draining
 w - a +2 great sword of flaming (weapon)
Missiles
 o - a throwing net (quivered)
 v - 8 silver bolts
Armour
 p - a +0 cloak (worn)
Jewellery
 h - a ring of stealth (left hand)
Scrolls
 j - a scroll of enchant armour {unknown}
 k - 3 scrolls of enchant weapon {unknown}
 l - a scroll of identify {unknown}
 r - 2 scrolls of remove curse {unknown}
Potions
 i - a potion of heal wounds {unknown}
 m - a potion of might {unknown}
 q - 2 potions of curing {unknown}
 s - a potion of lignification {unknown}
Books
 a - a book of Flames

   Spells                             Type                      Level
   a - Flame Tongue                   Conjuration/Fire             1
   b - Throw Flame                    Conjuration/Fire             2
   c - Conjure Flame                  Conjuration/Fire             3
   d - Inner Flame                    Hexes/Fire                   3
   e - Sticky Flame                   Conjuration/Fire             4
   f - Fireball                       Conjuration/Fire             5
 c - Sif Muna's Almanac of Transmutation

   Spells                             Type                      Level
   a - Beastly Appendage              Transmutation                1
   b - Spider Form                    Transmutation/Poison         3
Comestibles
 f - 2 bread rations
 t - a meat ration


   Skills:
 - Level 2.1(2.0) Fighting
   Level 2.0(1.8) Staves
 - Level 1.7(1.6) Stealth
   Level 1.0(0.8) Shields
 + Level 2.0(1.8) Spellcasting
 + Level 4.8(4.7) Fire Magic


You had 3 spell levels left.
You knew the following spells:

 Your Spells              Type           Power        Failure   Level  Hunger
a - Flame Tongue          Conj/Fire      #....        12%         1    ##.....
b - Conjure Flame         Conj/Fire      #.......     30%         3    ####...


Dungeon Overview and Level Annotations

Branches:
Dungeon (3/15)

Altars:


Innate Abilities, Weirdness & Mutations

Your plain brown scales are hard (AC +5).
Your body does not fit into most forms of armour.
Your cold-blooded metabolism reacts poorly to cold.


Message History

You hit the bat. You burn the bat.
You kill the bat!
No target in view!
No target in view!
No target in view!
There is a stone staircase leading up here.
A wight comes into view. It is wielding an enchanted halberd.
A wight comes into view.
It is wielding an enchanted morningstar.
A goblin comes into view. It is wielding a club.
The wight hits you with an enchanted halberd!
You closely miss the wight.
Your tail-slap misses the wight.
The wight hits you with an enchanted halberd.
The wight hits you but does no damage.
You slash the wight! You burn the wight.
The wight is severely damaged.
The wight hits you with an enchanted halberd!
* * * LOW HITPOINT WARNING * * *
The wight barely misses you.
The wight hits you with an enchanted halberd!
You die...

. ..###
#...............) ###
#.######........#
#.............#.#
#######.......#..
#.......##.
#############.......##.
#...................###
#......................
#....z@...............)
#....z.................
#......................
#...................)..
..g.....................
.............#.........
.####.################
#.# #.# ###


You could see 2 wights and a goblin (sleeping).

Vanquished Creatures
  A wight (D:3)
  4 adders
  2 giant geckos
  2 orcs (D:3)
  9 hobgoblins
  3 quokkas (D:3)
  8 bats
  A giant cockroach (D:2)
  6 giant newts
  11 goblins
  11 kobolds
58 creatures vanquished.

Notes
Turn   | Place    | Note
--------------------------------------------------------------
     0 | D:1      | tesudzi, the Draconian Wanderer, began the quest for the Orb.
     0 | D:1      | tesudzi set off with: a book of Flames, a +0 short sword, Sif Muna's Almanac of Transmutation, a +0 dagger, a bread ration
     0 | D:1      | Reached XP level 1. HP: 17/17 MP: 3/3
     0 | D:1      | Identified Sif Muna's Almanac of Transmutation
     2 | D:1      | Learned a level 1 spell: Flame Tongue
   696 | D:1      | Reached XP level 2. HP: 24/24 MP: 4/4
  1020 | D:2      | Reached skill level 3 in Fire Magic
  1020 | D:2      | Reached XP level 3. HP: 27/29 MP: 6/6
  2073 | D:3      | Learned a level 3 spell: Conjure Flame
  2116 | D:3      | Reached skill level 4 in Fire Magic
  2116 | D:3      | Reached XP level 4. HP: 31/36 MP: 7/7
  2797 | D:3      | Slain by a wight

Action                   |  1- 3 |  4- 6 || total
-------------------------+-------+-------++-------
Melee: Hand axe          |    25 |       ||    25
       Short sword       |    99 |    41 ||   140
       Great sword       |       |     7 ||     7
 Cast: Flame Tongue      |     6 |     6 ||    12
       Conjure Flame     |       |     1 ||     1
 Stab: Sleeping          |     6 |     1 ||     7
       Distracted        |     1 |       ||     1
  Eat: Bread ration      |     1 |       ||     1
       Chunk             |     1 |       ||     1
